 Dungeon Crawl Stone Soup version 0.29-a0-330-g52719c12eb (webtiles) character file.

Game seed: 17037830582035675491

107967 Ajdolov the Unseen (level 17, -22/102 HPs)
             Began as a Kobold Brigand on May 3, 2022.
             Was the Champion of Wu Jian.
             Killed from afar by Aizul (35 damage)
             ... with a poison arrow
             ... on level 1 of the Snake Pit.
             The game lasted 01:19:20 (30039 turns).

Ajdolov the Unseen (Kobold Brigand)                Turns: 30039, Time: 01:19:21

Health: -22/102    AC: 20    Str:  9    XL:     17   Next: 3%
Magic:  17/17      EV: 28    Int: 14    God:    Wu Jian [******]
Gold:   1189       SH:  0    Dex: 22    Spells: 11/16 levels left

rFire   . . .      SeeInvis .   V - +4 quick blade (venom)
rCold   . . .      Faith    .   (no shield)
rNeg    . . .      Spirit   .   D - +3 steam dragon scales
rPois   .          Reflect  .   U - +0 helmet
rElec   .          Harm     .   K - +2 cloak
rCorr   .          Rampage  .   x - +0 pair of gloves
Will    +....                   H - +2 pair of boots Stlth ***+++++++
                                N - amulet of regeneration
HPRegen 1.07/turn               a - +4 ring of slaying
MPRegen 0.15/turn               A - ring of Shadows {Umbra +Inv Stlth+}

@: lethally poisoned (-22 -> -32), wreathed by umbra, studying Armour
A: small, no large weapons, nightstalker 3
a: Renounce Religion, Evoke Invisibility, Wall Jump, Serpent's Lash, Heavenly
Storm


You were on level 1 of the Snake Pit.
You worshipped Wu Jian.
Wu Jian was exalted by your worship.
You visited 5 branches of the dungeon, and saw 25 of its levels.
You also visited: Bailey and Ice Cave.

You collected 4446 gold pieces.
You spent 3257 gold pieces at shops.

Inventory:

Hand Weapons
 V - a +4 quick blade of venom (weapon)
Missiles
 d - 52 poisoned darts (quivered)
 e - 13 curare-tipped darts
 h - 2 throwing nets
 J - 6 datura-tipped darts
 P - 4 atropa-tipped darts
Armour
 x - a +0 pair of gloves (worn)
 D - +3 steam dragon scales (worn)
 H - a +2 pair of boots (worn)
 K - a +2 cloak (worn)
 U - a +0 helmet (worn)
Jewellery
 a - a +4 ring of slaying (left hand)
 w - a ring of protection from fire
 A - the ring of Shadows (right hand) {Umbra +Inv Stlth+}
   (You bought it in a shop on level 2 of the Orcish Mines)

   [ring of stealth]

   It surrounds you with an aura of shadow, increasing your stealth and reducing
   the accuracy of all others within it.
   +Inv:      It lets you turn invisible.
   Stlth:     It makes you more stealthy.
 N - an amulet of regeneration (around neck)
Wands
 t - a wand of acid (7)
 B - a wand of polymorph (7)
 I - a wand of flame (9)
 O - a wand of mindburst (9)
 R - a wand of iceblast (8)
Scrolls
 b - 8 scrolls of magic mapping
 g - 3 scrolls of blinking
 j - 6 scrolls of immolation
 p - 6 scrolls of amnesia
 q - 15 scrolls of teleportation
 C - 2 scrolls of fog
 E - a scroll of vulnerability
 G - 6 scrolls of fear
 M - a scroll of summoning
 S - a scroll of identify
Potions
 c - 3 potions of cancellation
 f - 9 potions of curing
 i - 9 potions of flight
 k - 5 potions of mutation
 l - 3 potions of invisibility {unknown}
 m - 2 potions of berserk rage
 n - 3 potions of resistance
 o - 5 potions of magic
 r - 8 potions of attraction
 s - 5 potions of brilliance
 u - 7 potions of haste
 v - 8 potions of might
 z - 2 potions of ambrosia {unknown}
 F - 2 potions of lignification
 L - 6 potions of heal wounds
Miscellaneous
 y - a tin of tremorstones (2/2)
 Q - a lightning rod (4/4)
 T - a phantom mirror
 W - a condenser vane


   Skills:
 - Level 10.0 Fighting
 - Level 14.0 Short Blades
 - Level 2.1 Throwing
 - Level 10.0 Armour
 - Level 15.5 Dodging
 * Level 16.4 Stealth
 - Level 10.0 Shields
 * Level 13.1 Evocations


You had 11 spell levels left.
You knew the following spells:

 Your Spells              Type           Power      Damage    Failure   Level
a - Blink                 Tloc           0%         N/A       41%         2
b - Dazzling Flash        Conj/Hex       0%         N/A       65%         3

Your spell library contained the following spells:

 Spells                   Type           Power      Damage    Failure   Level
 Foxfire                  Conj/Fire      0%         2x1d4     28%         1
 Pain                     Necr           0%         1d4       28%         1
 Conjure Flame            Conj/Fire      0%         6-21      65%         3
 Frozen Ramparts          Ice            0%         1d2       65%         3
 Gell's Gravitas          Tloc           0%         N/A       65%         3
 Ignite Poison            Fire/Tmut/Pois 0%         N/A       65%         3
 Inner Flame              Hex/Fire       0%         N/A       65%         3
 Lesser Beckoning         Tloc           0%         N/A       65%         3
 Mephitic Cloud           Conj/Pois/Air  0%         N/A       65%         3
 Portal Projectile        Hex/Tloc       0%         N/A       65%         3
 Teleport Other           Tloc           0%         N/A       65%         3
 Flame Wave               Conj/Fire      0%         2d4       96%         4
 Fulminant Prism          Conj/Hex       0%         3d6       96%         4
 Ice Form                 Ice/Tmut       0%         N/A       96%         4
 Iskenderun's Mystic Bla  Conj/Tloc      0%         2d3       96%         4
 Summon Ice Beast         Ice/Summ       0%         N/A       96%         4
 Agony                    Necr           0%         N/A       100%        5
 Blade Hands              Tmut           0%         N/A       100%        5
 Excruciating Wounds      Necr           0%         N/A       100%        5
 Freezing Cloud           Conj/Ice/Air   0%         6-21      100%        5
 Lee's Rapid Deconstruct  Erth           0%         3d5*      100%        5
 Manifold Assault         Tloc           0%         N/A       100%        5
 Silence                  Hex/Air        0%         N/A       100%        5
 Conjure Ball Lightning   Conj/Air       0%         3x3d6     100%        6
 Dispersal                Tloc           0%         N/A       100%        6


Dungeon Overview and Level Annotations

Branches:
Dungeon (15/15)            Temple (1/1) D:4            Lair (6/6) D:9
 Shoals (0/4) Lair:2        Snake (1/4) Lair:4        Slime (0/5) Lair:6
    Orc (2/2) D:12            Elf (0/3) Orc:2        Vaults (0/5) D:13
 Depths (0/4) D:15         Bailey (visited)           IceCv (visited)

Altars:
Ashenzari
Cheibriados
Fedhas
Gozag
Hepliaklqana
Makhleb
Nemelex Xobeh
Okawaru
Qazlal
Ru
Sif Muna
Trog
Uskayaw
Vehumet
Wu Jian
Xom
Yredelemnul
Zin
The Shining One
Beogh
Jiyva

Shops:
D:10 (   Orc:2 ****   Snake:1 *!

Annotations:
D:6 1 runed translucent door
D:9 3 runed translucent doors, Crownlay's ghost, novice OpEE
Lair:1 exclusion: oklob plant
Snake:1 Aizul


Innate Abilities, Weirdness & Mutations

You are small and have problems with some larger weapons.
You are completely attuned to the shadows.


Message History

The naga warrior is lightly wounded.
The naga warrior hits you with a +0 glaive!!
The naga warrior grabs you. The naga warrior constricts you.
Unknown command.
You escape the naga warrior's grasp.
You spin and attack the naga warrior repeatedly.
You puncture the naga warrior!
The naga warrior is lightly wounded.
You barely miss the naga warrior.
The naga warrior is lightly wounded.
You barely miss the naga warrior.
The naga warrior is lightly wounded.
The naga warrior hits you with a +0 glaive!!
The naga warrior completely misses you.
You hear a shout!
The naga warrior hits you from afar with a +0 glaive!!
* * * LOW HITPOINT WARNING * * *
The naga warrior spits poison at you. The splash of poison misses you.
Aizul the Neglectful Guardian comes into view.
Aizul casts a spell at you. The bolt of poison misses you.
Aizul coils herself and waves her upper body at you.
You fall asleep.
Aizul coils herself and waves her upper body at you.
The bolt of poison misses you.
Aizul says, "Feeling sleepy?"
Aizul hits you but does no damage. Aizul hits you!!
You wake up.
* * * LOW HITPOINT WARNING * * *
You hear a shout!
Aizul attacks as you move away! Aizul completely misses you.
Things that are here:
a +0 halberd; a +0 robe; a naga skeleton Blink to where?
Press: ? - help, Dir - move target
As you read the scroll of blinking, it crumbles to dust.
Aizul coils herself and waves her upper body at you.
The poison arrow hits you!!
You are poisoned.
You die...

##......# ##...÷.....
##############..N.......
.........................
........................
.>....).......§........
.............S........
##.....)............
#.<....@..........
#................
###############


You could see Aizul.

Vanquished Creatures
  Jorgrun (D:14)
  Rupert (Lair:5)
  Frances (D:14)
  Kirke (D:14)
  An azure jelly (IceCv)
  An ironbound preserver (D:13)
  4 quicksilver oozes (IceCv)
  A fire dragon (Lair:6)
  An ettin (D:15)
  Snorg (D:11)
  4 boulder beetles
  10 hydras
  An anaconda (Snake:1)
  3 catoblepae
  4 centaur warriors
  4 two-headed ogres
  A death knight (D:13)
  2 tengu warriors
  Sonja (Lair:2)
  18 skeletal warriors
  A deep troll (D:15)
  5 orc knights
  3 lindwurms
  A wolf spider (Lair:6)
  A wizard (D:15)
  4 cyclopes
  6 ugly things
  A salamander (Snake:1)
  A deep elf pyromancer (D:14)
  2 mana vipers (Snake:1)
  3 manticores
  3 orc sorcerers
  A guardian serpent (Lair:6)
  10 elephants (Lair:4)
  6 torpor snails
  A gargoyle (D:13)
  9 black mambas
  Joseph (D:7)
  12 cane toads
  2 unseen horrors
  4 rime drakes
  2 kobold demonologists (D:10)
  An unseen horror (shapeshifter) (D:14)
  3 tengu conjurers
  A freezing wraith (D:12)
  6 komodo dragons
  A yaktaur (shapeshifter) (D:15)
  An efreet (D:14)
  A meliai (shapeshifter) (D:15)
  3 trolls
  An entropy weaver simulacrum (IceCv)
  3 tyrant leeches (Lair:6)
  3 polar bears
  8 hornets (Lair:6)
  A hornet (shapeshifter) (D:13)
  11 blink frogs
  Prince Ribbit (Lair:2)
  6 dream sheep (Lair:6)
  8 slime creatures
  2 centaur simulacra
  2 wraiths (D:12)
  2 hogs (D:14)
  3 vampires
  13 wyverns
  3 shadows
  59 yaks
  2 steam dragons
  2 humans (D:9)
  A basilisk (Lair:1)
  6 nagas
  4 vampire mosquitoes (D:10)
  2 redbacks (Lair:6)
  2 wargs (Orc:2)
  3 acid dragons
  A demonic crawler simulacrum (IceCv)
  17 water moccasins
  A sky beast (D:7)
  A black bear (D:4)
  47 orc warriors
  2 ice beasts
  3 ugly thing simulacra (IceCv)
  8 ogres
  9 wolves
  10 centaurs
  A phantom (D:4)
  12 kobold brigands
  2 gnoll sergeants
  14 bullfrogs
  2 glowing shapeshifter simulacra (IceCv)
  4 scorpions
  15 wights
  9 killer bees
  3 electric eels (Lair:6)
  7 howler monkeys
  5 hounds
  A jelly (D:6)
  17 orc priests
  3 gnoll shamans
  4 iguanas
  21 orc wizards
  26 gnolls
  5 adders
  2 shadow imps (D:7)
  2 white imps
  4 dart slugs
  88 orcs
  3 endoplasms
  10 giant cockroaches
  9 goblins
  7 hobgoblins
  6 jackals (D:3)
  2 quokkas
  8 ball pythons
  4 bats
  3 frilled lizards
  44 kobolds
  8 rats
755 creatures vanquished.

Vanquished Creatures (collateral kills)
  3 centaurs (Orc:2)
  An orc (Orc:2)
4 creatures vanquished.

Vanquished Creatures (others)
  Erolcha (Orc:2)
  3 humans (D:14)
  16 fungi
  45 plants
65 creatures vanquished.

Grand Total: 824 creatures vanquished

Notes
Turn   | Place    | Note
-------+----------+-------------------------------------------
     0 | D:1      | Ajdolov the Kobold Brigand began the quest for the Orb.
     0 | D:1      | Reached XP level 1. HP: 12/12 MP: 1/1
   482 | D:1      | Reached XP level 2. HP: 17/17 MP: 2/2
   485 | D:1      | Got Sif Muna's Almanac of Conjuration
   789 | D:1      | Reached XP level 3. HP: 20/21 MP: 3/3
  1284 | D:1      | Found a faded altar of an unknown god.
  1626 | D:2      | Reached skill level 6 in Stealth
  1673 | D:2      | Noticed a scorpion
  1679 | D:2      | Killed a scorpion
  1680 | D:2      | Reached skill level 5 in Short Blades
  1680 | D:2      | Reached XP level 4. HP: 26/26 MP: 4/4
  1680 | D:2      | Reached XP level 5. HP: 30/30 MP: 5/5
  1980 | D:2      | Identified the +3 war axe of Daoch {holy, *Noise rC+ Str+3
                  | Dex+4}
  2704 | D:3      | Reached XP level 6. HP: 6/35 MP: 6/6
  2705 | D:3      | Reached skill level 7 in Stealth
  3918 | D:4      | Found a sacrificial altar of Ru.
  4127 | D:4      | Noticed a black bear
  4139 | D:4      | Killed a black bear
  4140 | D:4      | Reached XP level 7. HP: 35/40 MP: 7/7
  4371 | D:4      | Reached skill level 8 in Stealth
  4380 | D:4      | Found a bloodstained altar of Trog.
  4454 | D:4      | Found a staircase to the Ecumenical Temple.
  4460 | Temple   | Entered the Ecumenical Temple
  4511 | Temple   | Became a worshipper of the Wu Jian Council
  4819 | D:4      | Found a blossoming altar of Fedhas.
  5355 | D:4      | Noticed a steam dragon
  5358 | D:4      | Killed a steam dragon
  5663 | D:4      | Reached XP level 8. HP: 37/44 MP: 8/8
  6320 | D:5      | Entered Level 5 of the Dungeon
  6620 | D:5      | Reached skill level 9 in Stealth
  6719 | D:5      | Reached skill level 10 in Short Blades
  7170 | D:6      | Found a glowing golden altar of the Shining One.
  7229 | D:6      | Reached skill level 10 in Stealth
  7462 | D:6      | Reached * piety under Wu Jian
  7754 | D:6      | Reached skill level 5 in Fighting
  7754 | D:6      | Reached XP level 9. HP: 54/54 MP: 9/9
  7959 | D:6      | Found a runed translucent door.
  7964 | D:6      | Found a basalt altar of Yredelemnul.
  8138 | D:6      | Noticed a troll
  8159 | D:6      | Killed a troll
  8227 | D:6      | Found a stormy altar of Qazlal.
  8227 | D:6      | Found a hazy altar of Hepliaklqana.
  8525 | D:7      | Noticed Joseph
  8528 | D:7      | Killed Joseph
  8529 | D:7      | Reached skill level 5 in Dodging
  8830 | D:7      | Found a glowing silver altar of Zin.
  9056 | D:7      | Reached XP level 10. HP: 63/63 MP: 10/10
  9586 | D:7      | Reached ** piety under Wu Jian
 10643 | D:8      | Reached skill level 10 in Dodging
 11331 | D:9      | Found a staircase to the Lair.
 11556 | D:9      | Found a radiant altar of Vehumet.
 11599 | D:9      | Reached skill level 10 in Fighting
 11599 | D:9      | Reached skill level 1 in Evocations
 11645 | D:9      | Reached XP level 11. HP: 61/72 MP: 11/11
 11779 | D:9      | Found a runed translucent gate.
 11780 | D:9      | Found a runed translucent gate.
 11780 | D:9      | Noticed Crownlay's ghost (novice OpEE)
 11781 | D:9      | Found a runed translucent gate.
 11783 | D:9      | Noticed an 11-headed hydra
 12102 | D:9      | Reached skill level 5 in Evocations
 12472 | D:9      | Found an iron altar of Okawaru.
 12790 | D:10     | Entered Level 10 of the Dungeon
 12994 | D:10     | Found Acetad's Antique Weapon Boutique.
 13052 | D:10     | Found a flagged portal.
 13074 | Bailey   | Entered a bailey
 13093 | Bailey   | Reached *** piety under Wu Jian
 13100 | Bailey   | Noticed an orc knight
 13135 | Bailey   | Killed an orc knight
 13292 | Bailey   | Found a bloodstained altar of Trog.
 13389 | D:10     | Noticed a two-headed ogre
 13391 | D:10     | Killed a two-headed ogre
 13392 | D:10     | Reached skill level 10 in Evocations
 13724 | D:10     | Reached **** piety under Wu Jian
 13832 | D:10     | Reached XP level 12. HP: 72/77 MP: 12/12
 14635 | D:11     | Found a glowing golden altar of the Shining One.
 14769 | D:11     | Noticed a two-headed ogre
 14783 | D:11     | Killed a two-headed ogre
 14784 | D:11     | Reached skill level 1 in Armour
 15037 | D:11     | Noticed a boulder beetle
 15040 | D:11     | Killed a boulder beetle
 15362 | D:11     | Noticed Snorg
 15377 | D:11     | Killed Snorg
 15473 | D:11     | Identified 2 scrolls of acquirement
 15473 | D:11     | Acquired a +2 quick blade
 15478 | D:11     | Acquired 774 gold pieces
 15711 | Lair:1   | Entered Level 1 of the Lair of Beasts
 15833 | Lair:1   | Found a frozen archway.
 15836 | Lair:1   | Reached skill level 1 in Shields
 15848 | Lair:1   | Reached skill level 5 in Armour
 15870 | IceCv    | Entered an ice cave
 16022 | IceCv    | Noticed a quicksilver ooze
 16026 | IceCv    | Killed a quicksilver ooze
 16027 | IceCv    | Reached XP level 13. HP: 82/82 MP: 13/13
 16044 | IceCv    | Noticed a quicksilver ooze
 16047 | IceCv    | Killed a quicksilver ooze
 16049 | IceCv    | Noticed a quicksilver ooze
 16069 | IceCv    | Killed a quicksilver ooze
 16153 | IceCv    | Found a viscous altar of Jiyva.
 16153 | IceCv    | Noticed an azure jelly
 16156 | IceCv    | Noticed a quicksilver ooze
 16158 | IceCv    | Killed an azure jelly
 16188 | IceCv    | Killed a quicksilver ooze
 16189 | IceCv    | Reached skill level 5 in Shields
 16294 | IceCv    | Got the Catalogue of Cold
 16643 | Lair:1   | You fall into a shaft and drop 1 floor!
 16645 | Lair:2   | Found a staircase to the Shoals.
 16652 | Lair:2   | Reached ***** piety under Wu Jian
 16867 | Lair:2   | Noticed Prince Ribbit
 16876 | Lair:2   | Killed Prince Ribbit
 16972 | Lair:2   | Noticed a five-headed hydra
 16982 | Lair:2   | Killed a five-headed hydra
 17211 | Lair:2   | Noticed Sonja
 17215 | Lair:2   | Killed Sonja
 17631 | Lair:3   | Noticed a six-headed hydra
 17661 | Lair:3   | Killed a six-headed hydra
 17665 | Lair:3   | Reached XP level 14. HP: 58/88 MP: 14/14
 18077 | Lair:3   | Found a glowing golden altar of the Shining One.
 19012 | Lair:4   | Identified the +6 flail of Famine {vorpal, *Noise rF+
                  | Str+4}
 19029 | Lair:4   | Found a staircase to the Snake Pit.
 19398 | Lair:4   | Identified the +0 robe "Mobaot" {Regen+ Dex+8}
 20132 | Lair:5   | Reached skill level 10 in Armour
 20263 | Lair:5   | Noticed Rupert
 20269 | Lair:5   | Killed Rupert
 20642 | Lair:6   | Entered Level 6 of the Lair of Beasts
 20757 | Lair:6   | Reached ****** piety under Wu Jian
 20759 | Lair:6   | Found a viscous altar of Jiyva.
 20760 | Lair:6   | Found a staircase to the Slime Pits.
 20892 | Lair:6   | Reached skill level 10 in Shields
 21086 | Lair:6   | Reached XP level 15. HP: 91/92 MP: 15/15
 21294 | Lair:6   | Identified the +1 scale mail "Haruwih" {Harm}
 21911 | Lair:6   | Found a runed translucent door.
 23531 | D:12     | Reached skill level 11 in Stealth
 23602 | D:12     | Found a staircase to the Orcish Mines.
 24519 | D:13     | Reached skill level 12 in Stealth
 24731 | D:13     | Found a gate to the Vaults.
 24731 | D:13     | Noticed an ironbound preserver
 24749 | D:13     | Killed an ironbound preserver
 24750 | D:13     | Reached XP level 16. HP: 69/97 MP: 16/16
 24927 | D:13     | Identified the -6 kite shield of Ymuroet {Contam rPois MP+9
                  | Dex+3}
 25434 | D:13     | Reached skill level 13 in Stealth
 25804 | D:14     | Noticed Frances
 25826 | D:14     | Killed Frances
 26011 | D:14     | Noticed Kirke
 26027 | D:14     | Killed Kirke
 26159 | D:14     | Reached skill level 14 in Stealth
 26320 | D:14     | Noticed Jorgrun
 26361 | D:14     | Killed Jorgrun
 26574 | D:15     | Entered Level 15 of the Dungeon
 26815 | D:15     | Reached skill level 15 in Dodging
 27020 | D:15     | Found a staircase to the Depths.
 27040 | D:15     | Reached skill level 15 in Stealth
 27394 | D:15     | Found a bloodstained altar of Trog.
 27599 | Orc:1    | Entered Level 1 of the Orcish Mines
 27769 | Orc:2    | Entered Level 2 of the Orcish Mines
 28268 | Orc:2    | Noticed Erolcha
 28282 | Orc:2    | Killed Erolcha
 28734 | Orc:2    | Found Omaogh's General Store.
 28734 | Orc:2    | Found Kisua's Assorted Antiques.
 28734 | Orc:2    | Found Keonep's General Store.
 28735 | Orc:2    | Found Boruf's General Store.
 28739 | Orc:2    | Bought a scroll of blinking for 112 gold pieces
 28739 | Orc:2    | Bought a scroll of identify for 30 gold pieces
 28744 | Orc:2    | Bought a potion of haste for 130 gold pieces
 28744 | Orc:2    | Bought a scroll of teleportation for 39 gold pieces
 28744 | Orc:2    | Bought a manual of Armour for 1040 gold pieces
 28749 | Orc:2    | Bought a scroll of identify for 26 gold pieces
 28755 | Orc:2    | Bought the ring of Shadows {Umbra +Inv Stlth+} for 1200
                  | gold pieces
 28755 | Orc:2    | Found the ring of Shadows {Umbra +Inv Stlth+}
 28875 | Orc:2    | Found a staircase to the Elven Halls.
 28877 | Orc:2    | Reached skill level 16 in Stealth
 29478 | D:12     | Learned a level 2 spell: Blink
 29482 | D:12     | Learned a level 3 spell: Dazzling Flash
 29689 | Snake:1  | Entered Level 1 of the Snake Pit
 29747 | Snake:1  | Reached XP level 17. HP: 102/102 MP: 17/17
 29755 | Snake:1  | Found Ataqud's Gadget Gallery.
 29774 | Snake:1  | Bought a condenser vane for 680 gold pieces
 29864 | Snake:1  | Found Zaoxzoz's Distillery.
 30028 | Snake:1  | Noticed Aizul
 30039 | Snake:1  | Killed from afar by Aizul

Illustrated notes

Levels and vault maps discovered:
D:1:      eino_arrival_tree_alley, layout_basic, basic_ecumenical_altar,
          minmay_pentomino_q4
D:2:      layout_loops_ring
D:3:      layout_basic
D:4:      layout_loops_corners, fedhas_altar_fruit_tree, trog_book,
          lemuel_round_altar, minmay_temple_entry_arrows, minmay_pentangle
D:5:      layout_loops_ring
D:6:      layout_basic, mainiacjoe_overflow_tiny_flanked, dk_yredelemnul_ordeal,
          chequers_temple_overflow_statue_of_worship
D:7:      layout_basic, zin_statuary, uniq_joseph
D:8:      nicolae_cairo_tiling_large, layout_layer_cave, abandoned_shop
D:9:      layout_basic, overflow_temple_1_default, okawaru_humans,
          dpeg_oklobed_lair, gammafunk_ghost_hydra_chop
D:10:     layout_basic, serial_shops, shop_statue, enter_bailey_2
D:11:     kennysheep_six_static_rooms, layout_basic,
          chequers_serial_rivers_marsh, tso_metal_star, uniq_snorg
D:12:     kennysheep_blocky_room, layout_cave_pools,
          minmay_orc_entry_temple_small, st_stairs_1
D:13:     layout_grid_maze, skrybe_vaults_entry_preservation
D:14:     layout_rooms, amcnicky_mini_pool_small, uniq_jorgrun, uniq_kirke,
          uniq_frances
D:15:     hangedman_depths_entry_civil_slaughter, layout_loops_corners,
          bloody_trog
Temple:   nicolae_temple_hex_pool
Lair:1:   layout_gridlike, portal_ice_cave_rime, grunt_megastairs_4,
          infiniplex_staircase_pool_2
Lair:2:   layout_roguey, shoals_dummy_entry, grunt_megastairs_1, uniq_sonja,
          uniq_prince_ribbit2
Lair:3:   layout_loops_ring, basic_altar, guppyfry_lair_drakes
Lair:4:   layout_roguey, guppyfry_snake_entry_garden, grunt_megastairs_2
Lair:5:   layout_loops_ring, uniq_rupert
Lair:6:   hangedman_lair_tendril_chambers, layout_layer_cave, wormcave,
          slime_altar_1, st_stairs_11, chequers_serial_rivers_micro_e,
          serial_bayou_lagoon_b, lemuel_fruit_tree
Snake:1:  layout_onion_interference, serial_shops, shop, drop_trap,
          nicolae_shop_gadgets, uniq_aizul, uniq_louise
Orc:1:    layout_caves
Orc:2:    st_orc_rangers, layout_diamond_mine, uniq_erolcha

Skill      XL: |  1  2  3  4  5  6  7  8  9 10 11 12 13 14 15 16 |
---------------+-------------------------------------------------+-----
Short Blades   | 3 5 6 7 9 10 12 14 | 14.0
Stealth        | 6 7 8 10 12 16 | 16.4
Fighting       | 5 7 10 | 10.0
Dodging        | 7 10 14 15 | 15.5
Evocations     | 3 10 11 13 | 13.1
Armour         | 5 8 10 | 10.0
Shields        | 3 7 10 | 10.0
Throwing       | |  2.1

Action                   |  1- 3 |  4- 6 |  7- 9 | 10-12 | 13-15 | 16-18 || total
-------------------------+-------+-------+-------+-------+-------+-------++-------
Melee: Dagger            |    89 |   103 |   305 |   322 |       |       ||   819
       Punch             |       |     2 |     5 |    20 |    48 |    14 ||    89
       Rapier            |       |       |       |   445 |       |       ||   445
       Quick blade       |       |       |       |    89 |  1905 |   914 ||  2908
Throw: Dart              |     4 |    15 |    19 |     3 |     2 |    11 ||    54
Invok: Lunge             |       |       |    34 |    60 |    80 |    63 ||   237
       Whirlwind         |       |       |     2 |    14 |   171 |   108 ||   295
       Serpent's Lash    |       |       |       |       |       |     2 ||     2
Evoke: Wand              |       |       |       |    10 |    20 |     4 ||    34
       Tin of tremorston |       |       |       |       |     3 |     1 ||     4
       Lightning rod     |       |       |       |       |     4 |     4 ||     8
  Use: Scroll            |       |       |       |    26 |     6 |     8 ||    40
 Stab: Sleeping          |    17 |    27 |    24 |    45 |    87 |    56 ||   256
       Distracted        |     1 |       |     1 |     3 |     7 |     7 ||    19
       Petrifying        |       |       |       |       |     1 |       ||     1
Armor: Robe              |    16 |    21 |     6 |       |       |       ||    43
       Steam dragon scal |       |       |    53 |   131 |   160 |    64 ||   408
Dodge: Dodged            |    41 |    53 |   166 |   434 |   614 |   397 ||  1705

Table legend: (Time is in decaauts)
 A = Elapsed time spent in this place.
 B = Non-inter-level travel time spent in this place.
 C = Inter-level travel time spent in this place.
 D = Time resting spent in this place.
 E = Time spent auto-exploring this place.
 F = Levels seen in this place.
 G = Mean time per level.
                   A        B        C        D        E       F      G
               +--------+--------+--------+--------+--------+-----+--------+
         Total |  28450 |  26857 |   1593 |   2692 |  17966 |  27 | 1053.7 |
       Dungeon |  19617 |  18775 |    842 |   2309 |  12730 |  15 | 1307.8 |
        Temple |     81 |     52 |     29 |      0 |     37 |   1 |   81.0 |
          Lair |   6026 |   5378 |    648 |    174 |   3950 |   6 | 1004.3 |
     Snake Pit |    318 |    318 |      0 |      0 |    110 |   1 |  318.0 |
  Orcish Mines |   1678 |   1606 |     72 |     49 |   1013 |   2 |  839.0 |
        Bailey |    266 |    266 |      0 |      3 |     56 |   1 |  266.0 |
      Ice Cave |    460 |    460 |      0 |    157 |     69 |   1 |  460.0 |
               +--------+--------+--------+--------+--------+-----+--------+

Top non-repeatable levels by time:
     D:3: 1968 daAuts
  Lair:6: 1762 daAuts
     D:4: 1667 daAuts
    D:11: 1636 daAuts
     D:9: 1628 daAuts
     D:8: 1542 daAuts
    D:13: 1435 daAuts
     D:1: 1432 daAuts
     D:6: 1277 daAuts
    D:12: 1170 daAuts
     D:7: 1137 daAuts
    D:10: 1128 daAuts
     D:2: 1103 daAuts
  Lair:3: 1083 daAuts
  Lair:4: 1030 daAuts
